 Dungeon Crawl Stone Soup version 0.27.1-16-g815e20cd7a (webtiles) character file.

Game seed: 13802394512706167030

3661 CrazyMind the Blocker (level 10, 0/73 HPs)
             Began as a Human Fighter on Nov 21, 2021.
             Was a Believer of Okawaru.
             Slain by an orc knight (11 damage)
             ... on level 6 of the Dungeon on Nov 22, 2021.
             The game lasted 00:38:37 (7519 turns).

CrazyMind the Blocker (Human Fighter)               Turns: 7519, Time: 00:38:37

Health: 0/73       AC: 27    Str: 19    XL:     10   Next: 34%
Magic:  8/10       EV: 12    Int:  8    God:    Okawaru [**....]
Gold:   328        SH: 14    Dex: 20    Spells: 9/9 levels left

rFire    + . .     SeeInvis .   j - +2 whip (elec)
rCold    . . .     Faith    .   c - +0 kite shield
rNeg     . . .     Spirit   .   C - +11 chain mail "Citre" {Stlth+}
rPois    .         Reflect  .   A - +1 helmet
rElec    .         Harm     .   (no cloak)
rCorr    .         Rampage  .   u - +0 pair of gloves
Will     .....                  (no boots)
Stlth    +.........             o - amulet of the acrobat
HPRegen  0.22/turn              r - ring of protection from fire
MPRegen  0.12/turn              t - +6 ring of dexterity

@: heroic
A: no striking features
a: Renounce Religion, Heroism


You were on level 6 of the Dungeon.
You worshipped Okawaru.
Okawaru was pleased with you.
You visited 2 branches of the dungeon, and saw 8 of its levels.

You collected 346 gold pieces.
You spent 18 gold pieces at shops.

Inventory:

Hand Weapons
 a - a +0 flail
 j - a +2 whip of electrocution (weapon)
 x - a +1 hand axe of flaming
Missiles
 d - a poisoned dart (quivered)
 h - 214 stones
Armour
 c - a +0 kite shield (worn)
 u - a +0 pair of gloves (worn)
 A - a +1 helmet (worn)
 C - the +11 chain mail "Citre" (worn) {Stlth+}
   (You found it on level 4 of the Dungeon)

   Stlth:     It makes you more stealthy.
Jewellery
 m - a ring of protection from cold
 o - an amulet of the acrobat (around neck)
 p - an amulet of regeneration
 r - a ring of protection from fire (left hand)
 t - a +6 ring of dexterity (right hand)
 y - a +6 ring of dexterity
 B - an amulet of guardian spirit
Wands
 I - a wand of polymorph (4)
Scrolls
 e - a scroll of fog {unknown}
 f - a scroll of immolation {unknown}
 g - a scroll of brand weapon {unknown}
 i - 3 scrolls of identify
 k - 2 scrolls of magic mapping {unknown}
 n - a scroll of amnesia {unknown}
 v - 2 scrolls of enchant armour {unknown}
 w - 2 scrolls of teleportation {unknown}
 E - a scroll of enchant weapon {unknown}
 G - a scroll of fear {unknown}
Potions
 b - a potion of magic
 l - a potion of heal wounds
 q - a potion of curing
 s - a potion of flight {unknown}
 D - a potion of lignification {unknown}
 F - a potion of attraction {unknown}
 H - a potion of haste


   Skills:
 + Level 4.9(9.9) Fighting
 + Level 7.5(12.5) Maces & Flails
 + Level 4.0(9.0) Throwing
 + Level 6.5(11.5) Armour
 + Level 2.7(7.7) Dodging
 * Level 9.1(14.1) Shields


You had 9 spell levels left.
You didn't know any spells.
Your spell library contained the following spells:

 Spells                   Type           Power      Damage    Failure   Level
 Corpse Rot               Necr/Air       N/A        N/A       99%         2
 Poisonous Vapours        Pois/Air       0%         N/A       99%         2
 Leda's Liquefaction      Hex/Erth       0%         N/A       100%        4
 Bolt of Magma            Conj/Fire/Erth 0%         4d4       100%        5
 Freezing Cloud           Conj/Ice/Air   0%         6-21      100%        5
 Statue Form              Tmut/Erth      0%         N/A       100%        6


Dungeon Overview and Level Annotations

Branches:
Dungeon (7/15)             Temple (1/1) D:4

Altars:
Ashenzari
Cheibriados
Dithmenos
Elyvilon
Fedhas
Gozag
Hepliaklqana
Kikubaaqudgha
Makhleb
Nemelex Xobeh
Okawaru
Qazlal
Ru
Sif Muna
Trog
Uskayaw
Vehumet
Wu Jian
Xom
Yredelemnul
Zin
The Shining One

Shops:
D:1 *   D:6 [


Message History

You throw a poisoned dart. The poisoned dart hits the orc knight!
The orc knight looks even sicker.
The orc knight is lightly wounded.
You block the orc knight's attack.
Throw: 3 darts (poison)
Press: ? - help, Q - select action, (/) - cycle Shift-Dir - straight line, f/p - orc knight
Aim: an orc knight, wielding a +3 dire flail and wearing a +0 chain mail (lightly wounded, very poisoned, 63% to hit)
You throw a poisoned dart.
The poisoned dart closely misses the orc knight.
You hit the orc knight but do no damage.
The orc knight is lightly wounded.
You block the orc knight's attack.
You hit the orc knight.
Lightning courses through the orc knight!
The orc knight is heavily wounded.
The orc knight hits you with a +3 dire flail!
You closely miss the orc knight.
The orc knight is heavily wounded.
The orc knight hits you with a +3 dire flail!
You barely miss the orc knight.
The orc knight is heavily wounded.
You block the orc knight's attack.
You hit the orc knight but do no damage.
The orc knight is heavily wounded.
The orc knight barely misses you.
You hit the orc knight but do no damage.
The orc knight is heavily wounded.
The orc knight hits you with a +3 dire flail!!
Throw: 2 darts (poison)
Press: ? - help, Q - select action, (/) - cycle Shift-Dir - straight line, f/p - orc knight
Aim: an orc knight, wielding a +3 dire flail and wearing a +0 chain mail (heavily wounded, very poisoned, 63% to hit)
You throw a poisoned dart.
The poisoned dart closely misses the orc knight.
You gain the combat prowess of a mighty hero.
The orc knight hits you with a +3 dire flail!
* * * LOW HITPOINT WARNING * * *
You barely miss the orc knight.
The orc knight is heavily wounded.
The orc knight hits you with a +3 dire flail!
You die...

#...##....##....##.
#...##..........#..
##...#.........##..
########...)[.......#...
#....####.#..##.........
#.....##.#....#........#
#......#.#.............#
#####.....................#.
##.#..##.##.@o>(.<........... ##
#...........##...........##.# .#
##.....#......#...#...#...###.
.###......##.....#...##..###.####
...#.............#...##...#...###
...................####........##
##.............###....##...#....#
#.......#.....# ##..)#...####..#
##............#####.......# #...


You could see an orc knight (very poisoned).

Vanquished Creatures
  2 two-headed ogres (D:7)
  An ugly thing (D:7)
  A wraith (D:6)
  A steam dragon (D:6)
  2 black bears
  An orc warrior (D:7)
  2 ogres
  A phantom (D:6)
  A kobold brigand (D:6)
  A water moccasin zombie (D:6)
  3 scorpions
  3 wights (D:7)
  A bullfrog zombie (D:7)
  3 jellies
  3 hounds
  5 orc priests
  Terence (D:3)
  2 centaur skeletons (D:7)
  3 iguanas
  2 orc wizards (D:2)
  A killer bee zombie (D:7)
  A hound zombie (D:5)
  A howler monkey zombie (D:6)
  2 adders
  2 shadow imps (D:7)
  An adder skeleton (D:4)
  3 dart slugs
  12 orcs
  4 endoplasms
  3 giant cockroaches
  8 hobgoblins
  2 quokkas
  5 bats
  A frilled lizard (D:1)
  10 goblins
  14 kobolds
  5 rats
114 creatures vanquished.

Notes
Turn   | Place    | Note
-------+----------+-------------------------------------------
     0 | D:1      | CrazyMind the Human Fighter began the quest for the Orb.
     0 | D:1      | Reached XP level 1. HP: 18/18 MP: 1/1
    56 | D:1      | Found a faded altar of an unknown god.
   379 | D:1      | Reached XP level 2. HP: 24/24 MP: 2/2
   800 | D:1      | Found Zeigg's Assorted Antiques.
   805 | D:1      | Bought a scroll labelled EFESSEMEHI for 18 gold pieces
   978 | D:2      | Reached XP level 3. HP: 10/29 MP: 3/3
  2182 | D:3      | Reached XP level 4. HP: 31/35 MP: 4/4
  2234 | D:3      | Noticed an ice beast
  2647 | D:2      | Reached skill level 1 in Dodging
  2914 | D:2      | Reached XP level 5. HP: 41/41 MP: 5/5
  3012 | D:3      | Reached skill level 4 in Shields
  3206 | D:3      | Noticed Terence
  3217 | D:3      | Killed Terence
  3553 | D:4      | Noticed an ogre
  3790 | D:4      | Reached XP level 6. HP: 27/47 MP: 6/6
  4170 | D:4      | Noticed a black bear
  4540 | D:4      | Killed an ogre
  4670 | D:4      | Reached XP level 7. HP: 52/52 MP: 7/7
  4797 | D:4      | Identified the +11 chain mail "Citre" {Stlth+}
  4873 | D:4      | Found a staircase to the Ecumenical Temple.
  4879 | Temple   | Entered the Ecumenical Temple
  4974 | D:5      | Entered Level 5 of the Dungeon
  4996 | D:5      | Reached skill level 1 in Throwing
  5097 | D:5      | Reached skill level 5 in Shields
  5599 | D:6      | Reached XP level 8. HP: 59/60 MP: 8/8
  6007 | D:6      | Reached skill level 6 in Shields
  6011 | D:6      | Reached skill level 5 in Armour
  6200 | D:6      | Found Ojunyzy's Armour Boutique.
  6406 | D:6      | Found an iron altar of Okawaru.
  6412 | D:6      | Became a worshipper of Warmaster Okawaru
  6762 | D:7      | Reached skill level 5 in Maces & Flails
  6843 | D:6      | Reached skill level 7 in Shields
  6843 | D:6      | Reached XP level 9. HP: 65/65 MP: 9/9
  7152 | D:7      | Noticed a two-headed ogre
  7152 | D:7      | Noticed a deep elf pyromancer
  7152 | D:7      | Noticed a two-headed ogre
  7267 | D:7      | Killed a two-headed ogre
  7267 | D:7      | Reached * piety under Okawaru
  7267 | D:7      | Reached ** piety under Okawaru
  7268 | D:7      | Reached skill level 8 in Shields
  7276 | D:7      | Killed a two-headed ogre
  7277 | D:7      | Reached XP level 10. HP: 47/73 MP: 10/10
  7429 | D:7      | Noticed a purple ugly thing
  7459 | D:7      | Killed a purple ugly thing
  7460 | D:7      | Reached skill level 9 in Shields
  7488 | D:7      | Noticed an orc knight
  7519 | D:6      | Slain by an orc knight

Illustrated notes

Levels and vault maps discovered:
D:1:      wander_arrival_lonely_grave, layout_loops_cross,
          ebering_ecumenical_altar_ruins, serial_shops, shop,
          minmay_tiny_reverse_x
D:2:      minmay_inner_zag, layout_basic
D:3:      kennysheep_big_flooded_room, layout_loops_ring, uniq_terence
D:4:      layout_loops_ring, minmay_temple_entry_fiery,
          eino_small_chamber_without_monster
D:5:      layout_cave_pools
D:6:      layout_cave_pools, mainiacjoe_overflow_alcove_2, serial_shops,
          nicolae_shop_trees, grunt_decor_cap
D:7:      minmay_the_grid_plus [minmay_the_grid_tree, minmay_the_grid_armoury,
          minmay_the_grid_minigrid_small, minmay_the_grid_garden,
          minmay_the_grid_prize_four_corners_diamond_b], layout_cave_pools,
          uniq_maggie
Temple:   grunt_wide_crystal_templ

Skill      XL: |  1  2  3  4  5  6  7  8  9 10 |
---------------+-------------------------------+-----
Dodging        | 1 2 |  2.7
Maces & Flails | 3 4 5 7 |  7.5
Shields        | 4 5 7 8 9 |  9.1
Armour         | 4 5 6 |  6.5
Throwing       | 1 2 3 4 |  4.0
Fighting       | 4 |  4.9

Action                   |  1- 3 |  4- 6 |  7- 9 | 10-12 || total
-------------------------+-------+-------+-------+-------++-------
Melee: Flail             |   131 |    59 |       |       ||   190
       Whip              |       |    50 |   169 |    33 ||   252
Throw: Dart              |       |    12 |    25 |     6 ||    43
       Stone             |       |     3 |    17 |       ||    20
Invok: Heroism           |       |       |       |     2 ||     2
Evoke: Wand              |       |       |     9 |       ||     9
  Use: Potion            |     1 |     7 |     2 |       ||    10
       Scroll            |       |     1 |       |       ||     1
Armor: Scale mail        |    61 |    55 |       |       ||   116
       Chain mail        |       |     7 |    89 |     8 ||   104
Dodge: Dodged            |    35 |    30 |    32 |     7 ||   104
Block: Kite shield       |    70 |    55 |    99 |    19 ||   243
